 Dungeon Crawl Stone Soup version 0.21-a0-498-g1b60429 (webtiles) character file.

67 esteth the Digger (level 4, -2/24 HPs)
             Began as a Gargoyle Earth Elementalist on Nov 24, 2017.
             Splashed by Ijyb's acid (10 damage)
             ... on level 3 of the Dungeon.
             The game lasted 00:05:47 (2119 turns).

esteth the Digger (Gargoyle Earth Elementalist)     Turns: 2119, Time: 00:05:48

Health: -2/24      AC:  7    Str: 12    XL:     4   Next: 16%
Magic:  8/8        EV: 11    Int: 16    God:
Gold:   107        SH:  4    Dex: 10    Spells: 5/8 levels left

rFire    + . .     SeeInvis .   n - +0 flail
rCold    . . .     Gourm    .   f - +0 buckler
rNeg     + . .     Faith    .   c - +0 robe
rPois    ∞         Spirit   .   (no helmet)
rElec    +         Reflect  .   k - +0 cloak
rCorr    .         Harm     .   i - +0 pair of gloves
MR       .....                  (no boots)
Stlth    ++........             m - amulet of rage
HPRegen  0.08/turn              r - ring of protection from fire
MPRegen  0.11/turn              q - ring of poison resistance

@: no status effects
A: negative energy resistance 1, electricity resistance, unbreathing,
petrification resistance, rot immunity, AC +3
a: Evoke Berserk Rage


You were on level 3 of the Dungeon.
You were not hungry.

You visited 1 branch of the dungeon, and saw 3 of its levels.

You collected 107 gold pieces.

Inventory:

Hand Weapons
 g - a +0 dagger
 n - a +0 flail (weapon)
Missiles
 b - 32 stones (quivered)
Armour
 c - a +0 robe (worn)
 f - a +0 buckler (worn)
 i - a +0 pair of gloves (worn)
 k - a +0 cloak (worn)
Jewellery
 m - an amulet of rage (around neck)
 q - a ring of poison resistance (right hand)
 r - a ring of protection from fire (left hand)
Scrolls
 l - a scroll of teleportation
 s - a scroll of remove curse {unknown}
 v - 3 scrolls of identify
Potions
 a - a potion of mutation {unknown}
 h - a potion of degeneration {unknown}
 j - a potion of curing {unknown}
 o - a potion of heal wounds {unknown}
 t - a potion of might {unknown}
Books
 e - a book of Geomancy

   Spells                             Type                      Level
   a - Sandblast                      Earth                        1
   b - Passwall                       Transmutation/Earth          2
   c - Stone Arrow                    Conjuration/Earth            3
   d - Petrify                        Transmutation/Earth          4
   e - Lee's Rapid Deconstruction     Earth                        5
Comestibles
 d - 2 bread rations
 p - a royal jelly
 u - 11 chunks of flesh


   Skills:
 - Level 1.5 Dodging
 - Level 2.1 Stealth
 + Level 2.1 Shields
 + Level 2.8 Spellcasting
 - Level 0.7 Transmutations
 + Level 4.5 Earth Magic


You had 5 spell levels left.
You knew the following spells:

 Your Spells              Type           Power        Failure   Level  Hunger
a - Sandblast             Erth           ###...       3%          1    #......
b - Passwall              Tmut/Erth      ##........   12%         2    ##.....


Dungeon Overview and Level Annotations

Branches:
Dungeon (3/15)

Altars:
Yredelemnul

Annotations:
D:3 Ijyb


Innate Abilities, Weirdness & Mutations

You are resistant to torment.
Your stone body is resilient. (AC +3)
You are immune to poison.
You resist negative energy. (rN+)
You are resistant to electric shocks. (rElec)
You can survive without breathing.
You are immune to petrification.
You are immune to rotting.


Message History

You kill the rat!
No target in view!
v - 2 scrolls of identify (gained 1)
Found 14 poisoned needles.
v - 3 scrolls of identify (gained 1)
You now have 107 gold pieces (gained 8).
You see here 14 poisoned needles.
Found a stone staircase leading down.
A kobold and Ijyb come into view.
You see here 11 gold pieces.
The kobold shouts!
Ijyb shouts!
The kobold unwields an uncursed dagger.
The kobold wields a blowgun.
The kobold shoots a poisoned needle.
The poisoned needle closely misses you.
You see here a poisoned needle.
The kobold unwields an uncursed blowgun.
The kobold wields an uncursed dagger.
You block the kobold's attack.
You closely miss Ijyb.
Ijyb zaps a wand.
The bolt of acid hits you!
Ouch! That really hurt!
You are splashed with acid!
The acid burns!
You die...

####.#..........
................
.###.#.......# #
#..#......#.#
#.##......#.##
##.#.........## #
#.........###.##.#
#.####....# #Kg..#
..........(###@#
###.######.#..(##
#.##$## ..##.#
#####.# #.. #.#
##> .


You could see Ijyb and a kobold.

Vanquished Creatures
  Jessica (D:2)
  An ooze (D:2)
  A worm (D:2)
  3 leopard geckos
  An orc (D:3)
  A ball python (D:3)
  A giant cockroach (D:1)
  4 hobgoblins (D:2)
  A quokka (D:3)
  5 bats
  4 frilled lizards
  2 goblins
  3 kobolds
  5 rats
33 creatures vanquished.

Notes
Turn   | Place    | Note
-------+----------+-------------------------------------------
     0 | D:1      | esteth the Gargoyle Earth Elementalist began the quest for the Orb.
     0 | D:1      | Reached XP level 1. HP: 10/10 MP: 3/3
   955 | D:2      | Reached XP level 2. HP: 5/15 MP: 0/5
  1249 | D:2      | Reached skill level 1 in Shields
  1249 | D:2      | Reached skill level 4 in Earth Magic
  1531 | D:2      | Noticed Jessica
  1531 | D:2      | Killed Jessica
  1531 | D:2      | Reached XP level 3. HP: 19/19 MP: 4/6
  1552 | D:2      | Learned a level 2 spell: Passwall
  1699 | D:2      | Found a basalt altar of Yredelemnul.
  1858 | D:2      | Reached XP level 4. HP: 20/24 MP: 8/8
  2116 | D:3      | Noticed Ijyb
  2119 | D:3      | Splashed by Ijyb's acid

Vault maps used:
D:1:      lemuel_arrival_muddy, nrook_loot_triangle
D:2:      cheibrodos_old_hovel, lemuel_round_altar, uniq_jessica
D:3:      grunt_dithmenos_smoke_and_mirrors, nicolae_overflow_hidden_temple,
          uniq_ijyb, uniq_terence, uniq_robin

Skill      XL: |  1  2  3 |
---------------+----------+-----
Shields        | 1 2 |  2.1
Earth Magic    | 4 |  4.5
Dodging        | |  1.5
Stealth        | |  2.1
Spellcasting   | |  2.8
Transmutations | |  0.7

Action                   |  1- 3 |  4- 6 || total
-------------------------+-------+-------++-------
Melee: Dagger            |   118 |    17 ||   135
       Unarmed           |     8 |       ||     8
       Flail             |       |     3 ||     3
 Cast: Sandblast         |     8 |     3 ||    11
  Use: Scroll            |     3 |       ||     3
 Stab: Sleeping          |     5 |       ||     5
  Eat: Chunk             |     2 |     2 ||     4
Armor: Robe              |    65 |    13 ||    78
Dodge: Dodged            |    77 |    23 ||   100
Block: Buckler           |    23 |     6 ||    29

Table legend:
 A = Spawn XP
 B = Non-spawn XP
 C = Spawn XP percentage of total XP
 D = Spawn monster count
 E = Non-spawn monster count
 F = Spawn count percentage of total count
 G = Total turns spent on level
                    A         B        C        D         E        F      G
               +---------+---------+-------+---------+---------+-------+---------
         Total |       0 |      96 |   0.0 |       0 |      33 |   0.0 |  2119
               +---------+---------+-------+---------+---------+-------+---------
           D:1 |       0 |       8 |   0.0 |       0 |       5 |   0.0 |   875
           D:2 |       0 |      75 |   0.0 |       0 |      21 |   0.0 |  1094
           D:3 |       0 |      13 |   0.0 |       0 |       7 |   0.0 |   150
               +---------+---------+-------+---------+---------+-------+---------
